 Dungeon Crawl Stone Soup version 0.18.1-50-g88ac8fd (webtiles) character file.

10211 KarmaPolice the Thaumaturge (level 11, -2/52 HPs)
             Began as a Vine Stalker Enchanter on Sept 24, 2016.
             Was a Believer of Dithmenos.
             Slain by an unseen horror (4 damage)
             ... on level 10 of the Dungeon.
             The game lasted 01:10:07 (13385 turns).

KarmaPolice the Thaumaturge (VSEn)                 Turns: 13385, Time: 01:10:08

Health: -2/52      AC:  5    Str: 11    XL:     11   Next: 58%
Magic:  0/25       EV: 12    Int: 17    God:    Dithmenos [**....]
Gold:   512        SH:  0    Dex: 16    Spells: 4 memorised, 19 levels left

rFire  . . .     SeeInvis .     G - +2 dagger
rCold  . . .     Gourm    .     b - +1 robe
rNeg   . . .     Faith    .     (no shield)
rPois  .         Spirit   +     (no helmet)
rElec  .         Dismiss  .     (no cloak)
rCorr  .         Reflect  .     m - +0 pair of gloves
SustAt .         Harm     .     y - +0 pair of boots
MR     +....                    (no amulet)
Stlth  +++++.....               (no ring)
                                (no ring)

@: wreathed by umbra, somewhat resistant to hostile enchantments, quite stealthy
A: fangs 3, regeneration 2, magic shield, antimagic bite, no device heal 3, rot
immunity
a: Shadow Step, Renounce Religion


You were on level 10 of the Dungeon.
You worshipped Dithmenos.
Dithmenos was pleased with you.
You were not hungry.

You visited 2 branches of the dungeon, and saw 11 of its levels.

You collected 592 gold pieces.
You spent 80 gold pieces at shops.

Inventory:

Hand Weapons
 G - a +2 dagger (weapon)
Armour
 b - a +1 robe (worn)
 m - a +0 pair of gloves (worn)
 y - a +0 pair of boots (worn)
Wands
 D - a wand of teleportation (0/9)
Scrolls
 e - 2 scrolls of identify
 f - 2 scrolls of enchant weapon
 l - 3 scrolls of fog
 o - 5 scrolls of remove curse
 q - 2 scrolls of random uselessness
 w - a scroll of enchant armour {unknown}
 x - a scroll of fear {unknown}
Potions
 a - a potion of brilliance {unknown}
 h - a potion of flight
 j - a potion of haste
 k - 2 potions of heal wounds
 n - a potion of agility {unknown}
 r - a potion of mutation {unknown}
 s - 2 potions of resistance
 v - 3 potions of invisibility {unknown}
 z - a potion of magic {unknown}
 B - a potion of lignification {unknown}
 C - 2 potions of curing {unknown}
 E - a potion of degeneration {unknown}
Books
 c - a book of Maledictions

   Spells                             Type                      Level
   a - Corona                         Hexes                        1
   b - Ensorcelled Hibernation        Hexes/Ice                    2
   c - Confuse                        Hexes                        3
   d - Tukima's Dance                 Hexes                        3
   e - Dazzling Spray                 Conjuration/Hexes            3
 t - a book of Clouds

   Spells                             Type                      Level
   a - Mephitic Cloud                 Conjuration/Poison/Air       3
   b - Conjure Flame                  Conjuration/Fire             3
   c - Poisonous Cloud                Conjuration/Poison/Air       6
   d - Freezing Cloud                 Conjuration/Ice/Air          6
   e - Ring of Flames                 Charms/Fire                  7
 F - a book of Necromancy

   Spells                             Type                      Level
   a - Pain                           Necromancy                   1
   b - Animate Skeleton               Necromancy                   1
   c - Vampiric Draining              Necromancy                   3
   d - Regeneration                   Charms/Necromancy            3
   e - Animate Dead                   Necromancy                   4
   f - Control Undead                 Necromancy                   4
Comestibles
 d - 10 bread rations
 g - 2 fruits
 i - 7 chunks of flesh
 p - 2 meat rations
 u - 8 slices of pizza
 A - 3 beef jerkies


   Skills:
 + Level 3.5 Fighting
 - Level 6.0 Short Blades
 - Level 1.5 Dodging
 - Level 8.6 Stealth
 + Level 9.3 Spellcasting
 + Level 9.2 Hexes
 - Level 7.3 Ice Magic
 + Level 4.0 Invocations


You had 19 spell levels left.
You knew the following spells:

 Your Spells              Type           Power        Failure   Level  Hunger
a - Corona                Hex            #####..      1%          1    None
b - Ensorcelled Hibernat  Hex/Ice        #####.       1%          2    None
c - Confuse               Hex            #####...     1%          3    None
d - Tukima's Dance        Hex            #####...     1%          3    None


Dungeon Overview and Level Annotations

Branches:
Dungeon (10/15)            Temple (1/1) D:6            Lair (0/8) D:9
    Orc: D:9-12

Altars:
Ashenzari
Cheibriados
Dithmenos
Elyvilon
Fedhas
Gozag
Kikubaaqudgha
Makhleb
Nemelex Xobeh
Okawaru
Pakellas
Qazlal
Ru
Sif Muna
Trog
Vehumet
Xom
Yredelemnul
Zin
The Shining One

Shops:
D:4 *   D:8 (


Innate Abilities, Weirdness & Mutations

You have razor-sharp teeth.
You heal very quickly.
When hurt, damage is shared between your health and your magic reserves.
Your bite disrupts and absorbs the magic of your enemies.
Potions and wands cannot restore your health.
You are immune to rotting.


Message History

The hippogriff resists with significant effort.
The hippogriff bites you. The hippogriff pecks you. The hippogriff claws you!
Casting: Ensorcelled Hibernation
Confirm with . or Enter, or press ? or * to list all spells.
Aiming: Ensorcelled Hibernation
Press: ? - help, Shift-Dir - straight line, f/p - hippogriff
Aim: a hippogriff (umbra, chance to defeat MR: 64%)
The hippogriff looks drowsy...
The helpless hippogriff fails to defend itself.
You perforate the hippogriff like a sieve!!!
You kill the hippogriff!
Dithmenos accepts your kill.
Your Invocations skill increases to level 4!
Something hits you.
You hit something. Something hits you.
* * * LOW HITPOINT WARNING * * *
Something hits you!
* * * LOW HITPOINT WARNING * * *
Something hits you.
You die...

#.......)..####.......
#......(.).# #.......
#......[[..# #.......
#..........# #.......
######'##### ##'#####
##.# #.. #รท.# ##.
#.## .# #@# ..
#.....)..# #........#
#........# #..>.....#
#........' #........##
#........#


There were no monsters in sight!

Vanquished Creatures
  Pikel (D:7)
  Joseph (D:7)
  A gargoyle (D:10)
  The ghost of cedor the Stinger, a novice DsWn (D:6)
  A kobold demonologist (D:10)
  2 trolls
  A two-headed ogre (D:4)
  Sigmund (D:2)
  2 wyverns (D:10)
  11 yaks
  A human (D:7)
  2 hippogriffs
  The ghost of plumbum the Conjurer, an amateur HuCj (D:4)
  Menkaure (D:5)
  2 hell hounds (D:9)
  An orc warrior (D:9)
  2 dancing weapons (D:4)
  4 slaves
  2 sky beasts
  A black bear (D:9)
  A wasp (D:10)
  An ice beast (D:6)
  2 necrophages
  2 ogres
  4 boggarts (D:10)
  2 crocodiles (D:10)
  7 centaurs
  2 big kobolds
  3 giant frogs
  4 scorpions
  14 killer bees
  3 wights (D:9)
  8 howler monkeys
  2 crimson imps (D:5)
  A centaur zombie (D:7)
  A quasit (D:9)
  A jelly (D:8)
  2 hounds
  A centaur skeleton (D:6)
  3 orc priests
  2 giant frog skeletons
  Natasha (D:2)
  7 worker ants
  12 orc wizards
  Ijyb (D:3)
  3 sheep (D:7)
  A worker ant zombie (D:8)
  A howler monkey skeleton (D:10)
  8 gnolls
  19 adders
  3 shadow imps
  An adder zombie (D:9)
  3 worms
  A dart slug (D:1)
  6 giant geckos
  39 orcs
  2 ball pythons
  6 bats
  6 giant cockroaches
  6 goblins
  13 hobgoblins
  10 jackals
  5 quokkas
  A giant gecko skeleton (D:4)
  6 giant newts
  12 kobolds
  3 quokka skeletons
  4 rats
285 creatures vanquished.

Vanquished Creatures (collateral kills)
  3 orc warriors
  4 ogres
  A wight (D:9)
  3 orcs
11 creatures vanquished.

Grand Total: 296 creatures vanquished

Notes
Turn   | Place    | Note
--------------------------------------------------------------
     0 | D:1      | KarmaPolice the Vine Stalker Enchanter began the quest for the Orb.
     0 | D:1      | Reached XP level 1. HP: 9/9 MP: 4/4
    71 | D:1      | Reached skill level 1 in Short Blades
   116 | D:1      | Reached XP level 2. HP: 12/13 MP: 6/6
   120 | D:1      | Learned a level 2 spell: Ensorcelled Hibernation
   577 | D:1      | Reached XP level 3. HP: 12/16 MP: 3/7
   991 | D:2      | Found a faded altar to an unknown god.
  1001 | D:2      | Reached XP level 4. HP: 21/21 MP: 3/9
  1233 | D:2      | Noticed Sigmund
  1239 | D:2      | Learned a level 3 spell: Confuse
  1415 | D:2      | Noticed Natasha
  1903 | D:3      | Noticed Ijyb
  1910 | D:3      | Killed Ijyb
  2002 | D:3      | Reached skill level 5 in Stealth
  2039 | D:3      | Reached XP level 5. HP: 24/24 MP: 5/10
  2599 | D:3      | Found a glowing silver altar of Zin.
  2713 | D:3      | Gained mutation: You heal very quickly. [Vine Stalker growth]
  2713 | D:3      | Reached XP level 6. HP: 21/28 MP: 0/12
  3025 | D:3      | You fall through a shaft!
  3083 | D:4      | Noticed a two-headed ogre
  3103 | D:4      | Noticed plumbum's ghost (amateur HuCj)
  3221 | D:4      | Found Roant's Assorted Antiques.
  3271 | D:4      | Bought a scroll of identify for 40 gold pieces
  3271 | D:4      | Bought a scroll of identify for 40 gold pieces
  3479 | D:4      | Learned a level 3 spell: Tukima's Dance
  3812 | D:4      | Reached skill level 1 in Ice Magic
  4201 | D:4      | Reached XP level 7. HP: 32/32 MP: 4/13
  4828 | D:4      | Killed plumbum's ghost
  5437 | D:2      | Killed Natasha
  5585 | D:2      | Killed Sigmund
  5585 | D:2      | Gained mutation: You have razor-sharp teeth. [Vine Stalker growth]
  5585 | D:2      | Reached XP level 8. HP: 30/36 MP: 9/15
  5643 | D:4      | Killed a two-headed ogre
  5643 | D:4      | Reached skill level 5 in Hexes
  5672 | D:5      | Entered Level 5 of the Dungeon
  5729 | D:5      | Found a shimmering altar of Xom.
  5782 | D:5      | Reached skill level 5 in Spellcasting
  5937 | D:5      | Noticed a yak
  5938 | D:5      | Noticed a yak
  5938 | D:5      | Noticed a yak
  5939 | D:5      | Noticed a yak
  5939 | D:5      | Noticed a yak
  5965 | D:5      | Killed a yak
  5985 | D:5      | Killed a yak
  6066 | D:5      | Killed a yak
  6066 | D:5      | Reached XP level 9. HP: 39/39 MP: 6/18
  6269 | D:5      | Reached skill level 5 in Ice Magic
  6368 | D:5      | Noticed Menkaure
  7160 | D:5      | Killed Menkaure
  7408 | D:6      | Found a staircase to the Ecumenical Temple.
  7415 | Temple   | Entered the Ecumenical Temple
  7597 | D:6      | Noticed cedor's ghost (novice DsWn)
  7662 | D:6      | Killed cedor's ghost
  8014 | D:7      | Noticed Joseph
  8024 | D:7      | Paralysed by Joseph for 7 turns
  8034 | D:7      | Killed Joseph
  8034 | D:7      | Reached XP level 10. HP: 31/44 MP: 8/21
  8060 | D:7      | Noticed Pikel
  8254 | D:7      | Killed Pikel
  8254 | D:7      | Reached skill level 5 in Short Blades
  9764 | D:8      | Found a shadowy altar of Dithmenos.
  9771 | D:8      | Became a worshipper of Dithmenos the Shadowed
 10434 | D:8      | Found Liamieh's Antique Weapon Shop.
 10651 | D:9      | Found a staircase to the Lair.
 10721 | D:9      | Reached skill level 1 in Fighting
 10721 | D:9      | Reached skill level 1 in Invocations
 11117 | D:9      | Reached XP level 11. HP: 49/49 MP: 21/24
 11151 | D:9      | Reached * piety under Dithmenos
 11248 | D:9      | Noticed a red ugly thing
 11438 | D:9      | Found an opulent altar of Gozag.
 12372 | D:10     | Entered Level 10 of the Dungeon
 12652 | D:10     | Reached ** piety under Dithmenos
 13385 | D:10     | HP: 2/52 [something (12)]
 13385 | D:10     | Slain by an unseen horror

Skill      XL: |  1  2  3  4  5  6  7  8  9 10 11 |
---------------+----------------------------------+-----
Short Blades   | 1 2 3 4 6 |  6.0
Stealth        | 4 5 6 7 8 |  8.6
Spellcasting   | 3 4 5 7 8 9 |  9.3
Hexes          | 4 5 7 8 9 |  9.2
Ice Magic      | 1 3 4 6 7 |  7.3
Fighting       | 1 3 |  3.5
Invocations    | 1 4 |  4.0
Dodging        | |  1.5

Action                   |  1- 3 |  4- 6 |  7- 9 | 10-12 || total
-------------------------+-------+-------+-------+-------++-------
Melee: Dagger            |    79 |   138 |   207 |   298 ||   722
       Bite              |    15 |    26 |    60 |    60 ||   161
 Cast: Ensorcelled Hiber |     9 |    54 |    52 |   128 ||   243
       Confuse           |       |    14 |    47 |    57 ||   118
       Tukima's Dance    |       |     1 |     6 |    18 ||    25
       Corona            |       |       |     2 |    16 ||    18
Evoke: Wand              |       |       |       |     2 ||     2
  Use: Scroll            |       |     7 |     2 |     3 ||    12
       Potion            |       |     3 |       |       ||     3
 Stab: Sleeping          |    10 |    40 |    41 |    74 ||   165
       Distracted        |       |     1 |       |     2 ||     3
       Confused          |       |       |    19 |    16 ||    35
  Eat: Chunk             |     1 |    15 |    16 |    16 ||    48
       Fruit             |       |       |       |     2 ||     2
Armor: Robe              |    23 |    32 |    24 |    53 ||   132
Dodge: Dodged            |    54 |    91 |    72 |   180 ||   397
